 Dungeon Crawl Stone Soup version 0.30-a0-439-g9e77e4d916 (webtiles) character file.

Game seed: 5417955749570594360

135 AigisTheKnight the Magician (level 4, -1/32 HPs)
             Began as a Demonspawn Hedge Wizard on Dec 10, 2022.
             Slain by an iguana (9 damage)
             ... on level 6 of the Dungeon.
             The game lasted 00:09:04 (4773 turns).

AigisTheKnight the Magician (DsHW)                  Turns: 4773, Time: 00:09:05

Health: -1/32      AC:  7    Str: 14    XL:     4   Next: 97%
Magic:  3/8        EV: 12    Int: 23    God:
Gold:   293        SH:  3    Dex: 13    Spells: 4/9 levels left

rFire   . . .      SeeInvis .    G - +0 spear (flame)
rCold   . . .      Faith    .    x - +0 buckler
rNeg    . . .      Spirit   .    F - +4 leather armour of Ajonauk {Str+4}
rPois   +          Reflect  .    c - +0 hat
rElec   .          Harm     .    (no cloak)
rCorr   .          Rampage  .    (no gloves)
Will    .....                    (no boots)
Stlth   ++........               (no amulet)
HPRegen 0.25/turn                w - +6 ring of intelligence
MPRegen 0.11/turn                i - ring of poison resistance

@: no status effects
A: demonic guardian 1, sturdy frame 1
a: no special abilities


You were on level 6 of the Dungeon.
You visited 1 branch of the dungeon, and saw 6 of its levels.

You collected 293 gold pieces.

Inventory:

Hand Weapons
 a - a +0 dagger
 G - a +0 spear of flaming (weapon)
Armour
 b - a +0 robe
 c - a +0 hat (worn)
 u - a +0 ring mail
 x - a +0 buckler (worn)
 F - the +4 leather armour of Ajonauk (worn) {Str+4}
   (You found it on level 3 of the Dungeon)

   Str:       It affects your strength (+4).
Jewellery
 e - a ring of fire
 g - a ring of flight
 i - a ring of poison resistance (right hand)
 w - a +6 ring of intelligence (left hand)
 z - a ring of ice
Wands
 y - a wand of mindburst (21)
 A - a wand of flame (6)
Scrolls
 f - 3 scrolls of identify {unknown}
 h - 2 scrolls of enchant armour {unknown}
 j - a scroll of blinking {unknown}
 k - a scroll of fear {unknown}
 l - 4 scrolls of teleportation {unknown}
 n - a scroll of amnesia {unknown}
 o - a scroll of immolation {unknown}
 p - a scroll of poison {unknown}
 q - a scroll of magic mapping {unknown}
 B - a scroll of vulnerability {unknown}
Potions
 d - a potion of magic
 m - 2 potions of resistance {unknown}
 r - a potion of brilliance {unknown}
 s - a potion of haste {unknown}
 t - a potion of curing {unknown}
 v - a potion of mutation {unknown}
 C - 2 potions of degeneration {unknown}
 D - a potion of lignification {unknown}
 E - a potion of flight {unknown}


   Skills:
 + Level 1.2 Fighting
 + Level 1.0 Armour
 + Level 2.4 Dodging
 + Level 2.5 Stealth
 + Level 0.0 Shields
 + Level 3.3 Spellcasting
 + Level 2.0 Conjurations
 + Level 1.4 Summonings
 + Level 1.7 Translocations


You had 4 spell levels left.
You knew the following spells:

 Your Spells              Type           Power      Damage    Failure   Level
a - Magic Dart            Conj           52%        1d5       7%          1
b - Call Imp              Summ           10%        N/A       14%         2
c - Blink                 Tloc           22%        N/A       12%         2

Your spell library contained the following spells:

 Spells                   Type           Power      Damage    Failure   Level
 Summon Small Mammal      Summ           40%        N/A       9%          1
 Beastly Appendage        Tmut           6%         N/A       17%         1
 Slow                     Hex            12%        N/A       17%         1
 Cigotuvi's Dreadful Rot  Necr/Pois/Air  6%         N/A       26%         2
 Wereblood                Tmut           3%         N/A       26%         2
 Call Canine Familiar     Summ           10%        N/A       26%         3
 Dazzling Flash           Conj/Hex       16%        N/A       32%         3
 Mephitic Cloud           Conj/Pois/Air  6%         N/A       36%         3
 Summon Guardian Golem    Hex/Summ       7%         N/A       36%         3
 Spider Form              Tmut/Pois      3%         N/A       45%         3
 Agony                    Necr           3%         N/A       99%         5
 Silence                  Hex/Air        1%         N/A       99%         5
 Orb of Destruction       Conj           6%         9d6       100%        7
 Spellforged Servitor     Conj/Summ      5%         N/A       100%        7


Dungeon Overview and Level Annotations

Branches:
Dungeon (6/15)
 Temple: D:4-7

Altars:
Wu Jian


Innate Abilities, Weirdness & Mutations

A weak demonic guardian rushes to your aid.
Your movements are slightly less encumbered by armour. (ER -2)


Message History

Your crimson imp blinks!
Unknown command.
Unknown command.
You barely miss the iguana.
The iguana is lightly wounded.
The iguana bites you.
Unknown command.
You completely miss the iguana.
The iguana is lightly wounded.
The iguana bites you!
Your crimson imp hits the iguana but does no damage.
Unknown command.
You closely miss the iguana.
The iguana is lightly wounded.
The iguana misses you.
Your crimson imp hits the iguana.
Unknown command.
You hit the iguana. You burn the iguana.
The iguana is moderately wounded.
The iguana bites you!
Your crimson imp hits the iguana.
Unknown command.
You hit the iguana but do no damage.
The iguana is heavily wounded.
You block the iguana's attack.
Your crimson imp hits the iguana.
Unknown command.
You closely miss the iguana.
The iguana is severely wounded.
The iguana bites you.
* * * LOW HITPOINT WARNING * * *
Your crimson imp hits the iguana.
Your crimson imp hits the iguana but does no damage.
The iguana misses your crimson imp.
You hit the iguana but do no damage.
The iguana is severely wounded.
The iguana misses you.
Your crimson imp hits the iguana but does no damage.
Unknown command.
You hit the iguana. You burn the iguana.
The iguana is almost dead.
The iguana bites you!
You die...

~~~..~# ##....# .≈~..~#
#....# ~ .~~...# ##..## .~≈
.~~~..#### ##.#####...~~
~~≈.~~...# #.#..^....=.
.≈~......# #.#.###...## #
.~~......####...########.#.
.~~~.......†..............>
..~~.....###.#..@l###....#!
.≈≈......# #.####5.........
.≈≈......# #.......<...##
#≈≈####### ######...#......
≈ #.### #..#. #.# ... #.# .
#.# #.#


You could see an iguana (ally target) and a friendly crimson imp (summoned).

Vanquished Creatures
  3 adders
  4 dart slugs
  2 ball pythons
  6 endoplasms
  A giant cockroach (D:3)
  6 hobgoblins
  6 jackals
  A quokka (D:1)
  3 bats
  12 frilled lizards
  4 goblins
  2 kobolds
  5 rats
55 creatures vanquished.

Vanquished Creatures (collateral kills)
  3 adders
  2 worms
  A hobgoblin (D:3)
  3 jackals
  2 kobolds (D:4)
  A quokka (D:3)
12 creatures vanquished.

Grand Total: 67 creatures vanquished

Notes
Turn   | Place    | Note
-------+----------+-------------------------------------------
     0 | D:1      | AigisTheKnight the Demonspawn Hedge Wizard began the quest
                  | for the Orb.
     0 | D:1      | Reached XP level 1. HP: 13/13 MP: 4/4
    53 | D:1      | Found a faded altar of an unknown god.
   114 | D:1      | Reached skill level 1 in Translocations
   424 | D:1      | Gained mutation: Your movements are slightly less
                  | encumbered by armour. (ER -2) [demonic ancestry]
   424 | D:1      | Reached XP level 2. HP: 3/19 MP: 1/6
  1386 | D:2      | Gained mutation: A weak demonic guardian rushes to your
                  | aid. [demonic ancestry]
  1386 | D:2      | Reached XP level 3. HP: 23/25 MP: 4/7
  2372 | D:2      | Learned a level 2 spell: Call Imp
  2375 | D:2      | Learned a level 2 spell: Blink
  2472 | D:3      | Reached skill level 1 in Fighting
  2472 | D:3      | Reached XP level 4. HP: 20/32 MP: 2/8
  3068 | D:3      | Found an ornate altar of the Wu Jian Council.
  3313 | D:3      | Identified the +4 leather armour of Ajonauk {Str+4}
  4074 | D:4      | Noticed a scorpion
  4075 | D:4      | Noticed a scorpion
  4252 | D:4      | Noticed an ogre
  4431 | D:4      | Noticed a scorpion
  4436 | D:5      | Entered Level 5 of the Dungeon
  4523 | D:5      | Noticed a scorpion
  4564 | D:5      | Noticed an orc warrior
  4695 | D:6      | Reached skill level 1 in Armour
  4723 | D:6      | Noticed an ice beast
  4773 | D:6      | Slain by an iguana

Illustrated notes

Levels and vault maps discovered:
D:1:      nicolae_arrival_memento_mori, layout_loops_cross,
          hellmonk_ecumenical_altar_heavens_door, st_stairs_9,
          chequers_serial_rivers_large_b, patterned_corridor
D:2:      layout_basic, minmay_lizard_pond
D:3:      minmay_inner_zag, layout_basic, lemuel_doored_altar,
          ebering_dispersal_statue_hall, st_stairs_11
D:4:      layout_rooms, nicolae_ru_path_of_blood, corexii_shack, uniq_edmund
D:5:      layout_basic, minmay_fractal_squares_gapless_5
D:6:      layout_basic, serial_rivers, chequers_serial_rivers_small_a,
          chequers_serial_rivers_micro_d, chequers_serial_rivers_small_3,
          chequers_serial_rivers_marsh, chequers_serial_rivers_large_a

Skill      XL: |  1  2  3  4 |
---------------+-------------+-----
Translocations | 1 |  1.7
Stealth        | 2 |  2.5
Dodging        | 2 |  2.4
Fighting       | 1 |  1.2
Conjurations   | 2 |  2.0
Armour         | 1 |  1.0
Spellcasting   | |  3.3
Summonings     | |  1.4

Action                   |  1- 3 |  4- 6 || total
-------------------------+-------+-------++-------
Melee: Dagger            |    89 |    60 ||   149
       Spear             |       |     9 ||     9
       Punch             |       |     1 ||     1
 Cast: Magic Dart        |    88 |    33 ||   121
       Call Imp          |     1 |    10 ||    11
 Stab: Sleeping          |     5 |       ||     5
       Distracted        |     1 |       ||     1
Armor: Robe              |    13 |       ||    13
       Ring mail         |     7 |    25 ||    32
       Leather armour    |       |     1 ||     1
Dodge: Dodged            |    66 |    56 ||   122
Block: Buckler           |       |     3 ||     3

Table legend: (Time is in decaauts)
 A = Elapsed time spent in this place.
 B = Non-inter-level travel time spent in this place.
 C = Inter-level travel time spent in this place.
 D = Time resting spent in this place.
 E = Time spent auto-exploring this place.
 F = Levels seen in this place.
 G = Mean time per level.
                   A        B        C        D        E       F      G
               +--------+--------+--------+--------+--------+-----+--------+
         Total |   4807 |   4413 |    394 |    767 |   2778 |   6 |  801.2 |
       Dungeon |   4807 |   4413 |    394 |    767 |   2778 |   6 |  801.2 |
               +--------+--------+--------+--------+--------+-----+--------+

Top non-repeatable levels by time:
     D:3: 1969 daAuts
     D:1: 1466 daAuts
     D:2: 1007 daAuts
     D:6: 181 daAuts
     D:5: 155 daAuts
     D:4: 26 daAuts
